 Dungeon Crawl Stone Soup version 0.31-a0-986-g5e6e4ef867 (webtiles) character file.

Game seed: 6112045567199437566

165 strifetoe the Chopper (level 5, -1/45 HPs)
             Began as a Minotaur Monk on Nov 18, 2023.
             Slain by an ufetubus (3 damage)
             ... on level 3 of the Dungeon.
             The game lasted 00:02:56 (2726 turns).

strifetoe the Chopper (Minotaur Monk)               Turns: 2726, Time: 00:02:57

Health: -1/45      AC:  2    Str: 17    XL:     5   Next: 22%
Magic:  4/4        EV: 13    Int:  7    God:
Gold:   127        SH:  4    Dex: 13    Spells: 4/4 levels left

rFire   . . .        a - +0 hand axe
rCold   . . .        d - orb {light}
rNeg    . . .        b - +0 robe
rPois   .            (helmet restricted)
rElec   .            (no cloak)
rCorr   .            (no gloves)
SInv    .            (no boots)
Will    +....        (no amulet)
Stlth   +            (no ring)
HPRegen 0.27/turn    (no ring)
MPRegen 0.09/turn

%: no passive effects
@: lethally poisoned (-1 -> -4), enlightened, flying, glowing
A: horns 2, retaliatory headbutt, large bone plates 1, sturdy frame 1
a: no special abilities


You were on level 3 of the Dungeon.
You visited 1 branch of the dungeon, and saw 3 of its levels.

You collected 127 gold pieces.

Inventory:

Hand Weapons
 a - a +0 hand axe (weapon)
Armour
 b - a +0 robe (worn)
 d - an orb of light (worn)
Jewellery
 j - a ring of ice
 p - a ring of willpower
Scrolls
 e - a scroll of brand weapon {unknown}
 f - 2 scrolls of immolation {unknown}
 h - a scroll of enchant armour {unknown}
 i - 3 scrolls of identify {unknown}
 k - 2 scrolls of teleportation {unknown}
 q - a scroll of butterflies {unknown}
Potions
 c - a potion of ambrosia
 n - a potion of resistance {unknown}
 o - a potion of brilliance {unknown}
 r - a potion of might {unknown}


   Skills:
 - Level 3.6 Fighting
 + Level 7.2 Axes
 - Level 3.2 Dodging


You had 4 spell levels left.
You didn't know any spells.
Your spell library was empty.

Dungeon Overview and Level Annotations

Branches:
Dungeon (3/15)

Altars:

Portals:
Abyss: D:3

Annotations:
D:3 2 transporters, Ijyb; zenocrate's ghost, weakling DgIE


Innate Abilities, Weirdness & Mutations

You have a pair of horns on your head.
You reflexively headbutt those who attack you in melee.
You are partially covered in large bone plates. (SH +4)
Your movements are slightly less encumbered by armour. (ER -2)


Message History

Ijyb is heavily wounded.
You closely miss the ufetubus. The ufetubus hits you. The ufetubus misses you.
An adder comes into view.
Ijyb closely misses you. The ufetubus closely misses you.
The ufetubus completely misses you.
Unknown command.
You barely miss Ijyb.
The adder hisses angrily.
You headbutt Ijyb.
Ijyb is severely wounded.
You hit the ufetubus. The ufetubus hits you. x2
Ijyb hits you with a +0 dagger.
Unknown command.
It was a potion of enlightenment.
You feel very buoyant.
You fly up into the air.
The ufetubus hits you. x2; Ijyb zaps a wand.
You resist with some effort. The ufetubus closely misses you.
The ufetubus hits you.
* * * LOW HITPOINT WARNING * * *
Unknown command.
It was a potion of mutation.
You feel extremely strange.
Large bone plates grow over parts of your arms.
You feel less encumbered by your armour.
The adder bites you.
* * * LOW HITPOINT WARNING * * *
You are poisoned.
The adder poisons you! The ufetubus hits you.
* * * LOW HITPOINT WARNING * * *
The ufetubus hits you but does no damage.
Ijyb hits you with a +0 dagger.
* * * LOW HITPOINT WARNING * * *
It was a potion of magic.
Magic courses through your body.
You feel sick. The ufetubus barely misses you. The ufetubus misses you.
The adder completely misses you. You furiously retaliate!
You headbutt the adder. Ijyb hits you with a +0 dagger.
* * * LOW HITPOINT WARNING * * *
The ufetubus hits you.
* * * LOW HITPOINT WARNING * * *
The ufetubus hits you.
You die...

##.# ###############
#... ###.)......#....##
#...
#.....>..........####...
#..........#........##.#
#.....†.................
#.......#.........####..
#.....5############ ##.
#......@# # #......Sg..#
#....#.S....#
####.........# .
#..)......# .
#........#.. .
#.......#. ( .
#....#.#...


You could see Ijyb, 2 adders and an ufetubus.

Vanquished Creatures
  An iguana (D:3)
  Jessica (D:2)
  Robin (D:3)
  2 adders (D:3)
  An ufetubus (D:3)
  A dart slug (D:1)
  4 endoplasms
  6 giant cockroaches
  16 goblins
  7 hobgoblins
  3 quokkas
  10 ball pythons
  4 bats
  6 frilled lizards
  5 kobolds
  6 rats
74 creatures vanquished.

Notes
Turn   | Place    | Note
-------+----------+-------------------------------------------
     0 | D:1      | strifetoe the Minotaur Monk began the quest for the Orb.
     0 | D:1      | Reached XP level 1. HP: 19/19 MP: 0/0
   182 | D:1      | Reached skill level 4 in Axes
   365 | D:1      | Reached XP level 2. HP: 26/26 MP: 1/1
  1188 | D:2      | Reached skill level 5 in Axes
  1316 | D:2      | Noticed Jessica
  1320 | D:2      | Reached XP level 3. HP: 31/31 MP: 2/2
  1325 | D:2      | Killed Jessica
  1502 | D:2      | Reached XP level 4. HP: 27/39 MP: 3/3
  1593 | D:2      | Reached skill level 6 in Axes
  2074 | D:3      | Found a transporter.
  2075 | D:3      | Found a transporter.
  2078 | D:3      | Found a one-way gate to the infinite horrors of the Abyss.
  2078 | D:3      | Noticed zenocrate's ghost (weakling DgIE)
  2079 | D:3      | Noticed a small abomination
  2378 | D:3      | Noticed Robin
  2386 | D:3      | Killed Robin
  2387 | D:3      | Reached skill level 7 in Axes
  2387 | D:3      | Reached XP level 5. HP: 24/45 MP: 4/4
  2714 | D:3      | Noticed Ijyb
  2725 | D:3      | Gained mutation: You are partially covered in large bone
                  | plates. (SH +4) [potion of mutation]
  2725 | D:3      | Gained mutation: Your movements are slightly less
                  | encumbered by armour. (ER -2) [potion of mutation]
  2726 | D:3      | HP: 2/45 [ufetubus (2)]
  2726 | D:3      | Slain by an ufetubus

Illustrated notes

Levels and vault maps discovered:
D:1:      minmay_arrival_cross, layout_basic
D:2:      layout_basic, uniq_jessica
D:3:      layout_basic, gammafunk_ghost_abyssal_escape, nicolae_half_adder,
          uniq_ijyb, uniq_robin

Skill      XL: |  1  2  3  4 |
---------------+-------------+-----
Axes           | 4 5 7 |  7.2
Fighting       | |  3.6
Dodging        | |  3.2

Action                     |  1- 3 |  4- 6 || total
---------------------------+-------+-------++-------
  Melee: Hand axe          |    74 |    61 ||   135
         Headbutt          |    11 |     9 ||    20
    Use: Potion            |       |     3 ||     3
 Armour: Robe              |    33 |    55 ||    88
  Dodge: Dodged            |    46 |    66 ||   112

Table legend: (Time is in decaauts)
 A = Elapsed time spent in this place.
 B = Non-inter-level travel time spent in this place.
 C = Inter-level travel time spent in this place.
 D = Time resting spent in this place.
 E = Time spent auto-exploring this place.
 F = Levels seen in this place.
 G = Mean time per level.
                   A        B        C        D        E       F      G
               +--------+--------+--------+--------+--------+-----+--------+
         Total |   2727 |   2697 |     30 |    299 |   1922 |   3 |  909.0 |
       Dungeon |   2727 |   2697 |     30 |    299 |   1922 |   3 |  909.0 |
               +--------+--------+--------+--------+--------+-----+--------+

Top non-repeatable levels by time:
     D:1: 1143 daAuts
     D:2: 895 daAuts
     D:3: 689 daAuts
